 Dungeon Crawl Stone Soup version 0.15-a0-258-g027b8cd (webtiles) character file.

146 PolkaDot the Vexing (level 3, -2/21 (24) HPs)
             Began as a Vampire Enchanter on Apr 27, 2014.
             Killed by divine providence
             ... invoked by an orc priest
              (8 damage)
             ... on Level 3 of the Dungeon.
             The game lasted 00:06:26 (2087 turns).

PolkaDot the Vexing (Vampire Enchanter)             Turns: 2087, Time: 00:06:27

HP  -2/21 (24)   AC  5     Str  6 (7)  XL: 3   Next: 42%
MP   6/6         EV 10     Int 16 (17) God:
Gold 101         SH  0     Dex 15      Spells:  2 memorised,  3 levels left

rFire  . . .     SeeInvis +     a - +1 dagger
rCold  + + .     Clarity  .     n - +0 leather armour (curse)
rNeg   + + +     Conserve .     (no shield)
rPois  +         rCorr    .     (no helmet)
rElec  .         rRot     +     h - +0 cloak
SustAb . .       Spirit   .     j - +0 pair of gloves (curse)
rMut   .         Warding  .     (no boots)
Saprov . . .     Stasis   .     w - cursed amulet of faith {unknown}
MR     .....                    (no ring)
                                g - ring of wizardry

@: regenerating slowly, not resistant to hostile enchantments, quite stealthy
A: fangs 3, see invisible, unbreathing
a: Bat Form


You were on level 3 of the Dungeon.
You were near bloodless.

You visited 1 branch of the dungeon, and saw 3 of its levels.

You collected 101 gold pieces.

Inventory:

Hand weapons
 a - a +1,+1 dagger (weapon)
Missiles
 d - 11 darts (quivered)
Armour
 h - a +0 cloak (worn)
 j - a cursed +0 pair of gloves (worn)
 n - a cursed +0 leather armour (worn)
Scrolls
 f - 2 scrolls of enchant weapon II {unknown}
 i - a scroll of magic mapping {unknown}
 l - 3 scrolls of identify {unknown}
 m - 2 scrolls of teleportation {unknown}
 o - 2 scrolls of random uselessness {unknown}
 p - a scroll of remove curse {unknown}
 q - 2 scrolls of enchant armour {unknown}
 r - a scroll of enchant weapon I {unknown}
 s - a scroll of fear {unknown}
Jewellery
 b - an uncursed amulet of inaccuracy {unknown}
 g - a ring of wizardry (left hand)
 w - a cursed amulet of faith (around neck) {unknown}
Potions
 e - a potion of coagulated blood {@w2}
Books
 c - a book of Maledictions

   Spells                             Type                      Level
   *Corona                            Hexes                        1
   Sure Blade                         Hexes/Charms                 2
   *Ensorcelled Hibernation           Hexes/Ice                    2
   Confuse                            Hexes                        3
   Dazzling Spray                     Conjuration/Hexes            3
   Enslavement                        Hexes                        4


   Skills:
 + Level 1.7 Short Blades
 - Level 0.7 Throwing
 - Level 2.1 Dodging
 * Level 5.0 Stealth
 - Level 2.0 Spellcasting
 + Level 5.0 Hexes


You had 3 spell levels left.
You knew the following spells:

 Your Spells              Type           Power        Failure   Level  Hunger
a - Corona                Hex            ###....      1%          1    #......
d - Ensorcelled Hibernat  Hex/Ice        #.....       4%          2    ###....


Dungeon Overview and Level Annotations

Branches:
Dungeon (3/15)

Altars:

Annotations:
D:3 Natasha, Sigmund


Innate Abilities, Weirdness & Mutations

You heal slowly.
You have razor-sharp teeth.*
You have supernaturally acute eyesight.
You can survive without breathing.*


Message History

The orc wizard hits you with a dagger.
The orc priest mumbles some strange prayers to Beogh.
You feel troubled.
Drink which item? (? for menu, Esc to quit)
You feel extremely strange.
Your body decomposes!
You feel weakened.
Your body decomposes!
You feel dopey.
Your body decomposes!
* * * LOW HITPOINT WARNING * * *
It was a potion of mutation.
The orc wizard barely misses you.
The orc priest glows brightly for a moment.
An orc wizard comes into view. It is wielding a dagger.
Drink which item? (? for menu, Esc to quit)
Magic courses through your body.
It was a potion of magic.
The orc wizard closely misses you. The orc hits you but does no damage.
The orc priest calls down the wrath of Beogh upon you.
Something smites you!
You die...

.. .# # .# #.
###.####. #..
##.......o
#..##.@.h....o.#
#.....oo....o.o#
#..#.oo# #..#..
#..#...#####.......
#.....@.......#
#..#...####...#
#......####.$.###.#
#....<............#
#......####.......#
#.............###.
#######.########.#...
#.......# .#.#.#
#######........ .. .
. #.###### .# .


You could see Sigmund, an orc priest, 2 orc wizards and an orc.

Vanquished Creatures
  An adder (D:2)
  3 giant geckos
  6 bats
  A giant cockroach (D:1)
  6 goblins
  4 hobgoblins
  A ball python (D:2)
  2 giant newts (D:2)
  3 kobolds
  5 rats
32 creatures vanquished.

Notes
Turn   | Place    | Note
--------------------------------------------------------------
     0 | D:1      | PolkaDot, the Vampire Enchanter, began the quest for the Orb.
     0 | D:1      | Reached XP level 1. HP: 13/13 MP: 3/3
   614 | D:1      | Reached XP level 2. HP: 19/19 MP: 4/4
   962 | D:1      | Learned a level 2 spell: Ensorcelled Hibernation
  1427 | D:2      | Reached XP level 3. HP: 20/24 MP: 3/6
  1652 | D:2      | Reached skill level 5 in Hexes
  1908 | D:2      | Reached skill level 5 in Stealth
  2082 | D:3      | Noticed Sigmund
  2084 | D:3      | Noticed Natasha
  2087 | D:3      | Killed from afar by an orc priest

Action                   || total
-------------------------++-------
Melee: Dagger            ||    91
Throw: Dart              ||     5
 Cast: Corona            ||     8
       Ensorcelled Hiber ||    16
  Use: Potion            ||     4
 Stab: Sleeping          ||    15
